Connexion

ST. LOUIS Blues vs EDMONTON Oilers

Created - 29 janvier 2024 at 08:20

Goals
1 2 3 T
ST. LOUIS Blues 2 1 1 4
EDMONTON Oilers 0 1 1 2
Shots
1 2 3 T
ST. LOUIS Blues 12 11 10 33
EDMONTON Oilers 7 12 7 26

GoalsPenalties
1st period
1. ST. LOUIS Blues , Jesper Bratt 26 (Justin Schultz 45, Olli Juolevi 29) at 0:14
2. ST. LOUIS Blues , Jesper Bratt 27 (Justin Schultz 46, Brendan Gallagher 28) at 19:41
Rasmus Sandin (EDM) for Elbowing (Minor) at 7:35
Luke Schenn (STL) for Hooking (Minor) at 12:41
2nd period
3. EDMONTON Oilers , Clayton Keller 29 (Nico Hischier 38, Mitch Marner 34) at 8:19
4. ST. LOUIS Blues , Jesper Bratt 28 (Olli Juolevi 30) at 15:14
James Neal (STL) for Tripping (Minor) at 18:42
3rd period
5. ST. LOUIS Blues , Jonas Brodin 5 (Dylan Larkin 45) at 1:21 (PP)
6. EDMONTON Oilers , Jack Quinn 12 (Roman Josi 41, Tony DeAngelo 39) at 2:58
Tony DeAngelo (EDM) for Roughing (Minor) at 1:19
Nikolaj Ehlers (EDM) for Interference (Minor) at 3:39
Phillip Danault (STL) for Interference (Minor) at 9:02
Goalie Stats
Louis Domingue (STL), 24 saves from 26 shots - (0,923), W, 6-8-1, 60:00 minutes
Juuse Saros (EDM), 29 saves from 33 shots - (0,879), L, 28-15-6, 60:00 minutes
3 StarsOfficial
1 - Jesper Bratt (STL)
2 - Olli Juolevi (STL)
3 - Justin Schultz (STL)
Referees : Ian Walsh and Brad Meier
Linesman : Scott Driscoll and Mike Cvik
Game Note
Jesper Bratt has scored a Hat Trick!
Finance
Level 1 -- Attendance: 6000 (100,00%) -- Ticket Income $720,000
Level 2 -- Attendance: 3839 (100,00%) -- Ticket Income $391,578
Level 3 -- Attendance: 2000 (100,00%) -- Ticket Income $102,000
Level 4 -- Attendance: 3665 (91,63%) -- Ticket Income $146,600
Luxury Box -- Attendance: 1000 (100,00%) -- Ticket Income $240,000
Game was played at the Rexall Place.
Total Attendance: 16504 (98,01%)
Total Ticket Income: $1,600,178
Other Income: $320,036
Total Income: $1,920,214



Team Name Goals Shots Shots Attemp Shots Blocked PIM HIT PP PK FO%
ST. LOUIS Blues 4335976241 / 3 (33%)042%
EDMONTON Oilers 22652126150 / 3 (0%)158%

ST. LOUIS Blues
Player Name POS G A P +/- PIM HIT SHT SB MP PP MP PP SHT PK MP PK SHT FO% FOT
Brayden McNabbD000-1060017:430:0000:0000% 0
Brendan GallagherRW0112013021:142:0602:5100% 1
Craig SmithC/RW0000003015:090:0003:07052% 21
David PerronC/LW/RW000-1011017:121:3200:0000% 0
Dominic KubalikLW000-1011017:341:5400:00050% 2
Dylan LarkinC/LW0112011118:232:0600:00035% 26
Jaden SchwartzLW0000012013:561:5400:00067% 3
Jake LeschyshynC000000006:040:0000:00040% 5
James NealLW/RW0000213012:010:0000:0000% 0
Jeremy LauzonD0000020016:500:0002:5800% 0
Jesper BrattLW/RW3032007018:232:0610:000100% 3
Jonas BrodinD101-1003223:401:3222:5900% 0
Justin SchultzD0222011223:552:2812:5900% 0
Luke SchennD0000212115:340:0001:4300% 0
Marcus FolignoLW000004109:100:0003:0600% 1
Matthew HighmoreC/LW/RW000000007:130:0001:09050% 2
Olli JuoleviD0222021120:452:2811:1500% 0
Phillip DanaultC000-1224019:141:5401:41030% 20
EDMONTON Oilers
Player Name POS G A P +/- PIM HIT SHT SB MP PP MP PP SHT PK MP PK SHT FO% FOT
Alexander RomanovD0001010012:490:0000:0000% 0
Arthur KaliyevRW000-1026013:033:1410:0000% 0
Casey CizikasC000-100005:260:0300:00050% 6
Clayton KellerC/LW/RW1011003022:182:4010:590100% 1
Colton ParaykoD000-1001323:352:5001:5700% 0
Dylan StromeC000-1001012:420:0002:04040% 10
Jack QuinnRW1010011016:150:0300:0000% 2
Joachim BlichfeldLW/RW000000000:050:0000:0000% 0
Mackenzie EntwistleRW000-100005:260:0300:0000% 0
Mitch MarnerRW0111001021:192:4010:0000% 3
Nico HischierC0111004023:192:4002:00061% 28
Nikolaj EhlersLW000-1212024:233:1400:5700% 1
Oliver Ekman-LarssonD000-1040023:352:5001:5700% 0
Rasmus SandinD0001200212:210:0000:0000% 0
Roman Josi D011-1023223:583:0722:0300% 0
Ryan O'ReillyC/LW0000031221:263:1402:00072% 32
Tony DeAngeloD011-1213323:353:0722:0300% 0
Yegor SharangovichC/LW000-1000010:220:0000:000100% 1



Play-by-Play

1st period


0:01 of 1st period - Ryan O'Reilly wins face-off versus Dylan Larkin in neutral zone.
0:14 of 1st period - Shot by Jesper Bratt.
0:14 of 1st period - Goal by Jesper Bratt - ST. LOUIS Blues : 1 - EDMONTON Oilers : 0.
0:15 of 1st period - Nico Hischier wins face-off versus Phillip Danault in neutral zone.
0:21 of 1st period - Mitch Marner is hit by Brayden McNabb and loses puck.
1:00 of 1st period - Shot by Nico Hischier.
1:00 of 1st period - Stopped by Louis Domingue without a rebound.
1:01 of 1st period - Dylan Strome wins face-off versus Craig Smith in ST. LOUIS Blues zone.
1:01 of 1st period - Dylan Strome is hit by Luke Schenn.
1:13 of 1st period - Shot by Alexander Romanov.
1:13 of 1st period - Shot Misses the Net.
2:44 of 1st period - Off-side.
2:45 of 1st period - Nico Hischier wins face-off versus Jake Leschyshyn in neutral zone.
3:25 of 1st period - Shot by Matthew Highmore.
3:25 of 1st period - Shot Blocked by Colton Parayko.
3:49 of 1st period - Shot by Dylan Larkin.
3:49 of 1st period - Shot Misses the Net.
4:22 of 1st period - Icing by Oliver Ekman-Larsson.
4:23 of 1st period - Phillip Danault wins face-off versus Nico Hischier in EDMONTON Oilers zone.
4:24 of 1st period - Shot by Dominic Kubalik.
4:24 of 1st period - Shot Misses the Net.
4:38 of 1st period - Shot by Phillip Danault.
4:38 of 1st period - Shot Blocked by Colton Parayko.
4:40 of 1st period - Shot by Luke Schenn.
4:40 of 1st period - Stopped by Juuse Saros without a rebound.
4:41 of 1st period - Craig Smith wins face-off versus Ryan O'Reilly in EDMONTON Oilers zone.
4:42 of 1st period - Shot by Jaden Schwartz.
4:42 of 1st period - Shot Blocked by Tony DeAngelo.
4:44 of 1st period - Shot by Jaden Schwartz.
4:44 of 1st period - Shot Blocked by Ryan O'Reilly.
5:02 of 1st period - Shot by Jaden Schwartz.
5:02 of 1st period - Shot Misses the Net.
5:04 of 1st period - Shot by Craig Smith.
5:04 of 1st period - Stopped by Juuse Saros with a rebound.
5:06 of 1st period - Shot by Craig Smith.
5:06 of 1st period - Stopped by Juuse Saros without a rebound.
5:07 of 1st period - Phillip Danault wins face-off versus Dylan Strome in EDMONTON Oilers zone.
6:06 of 1st period - Shot by Nikolaj Ehlers.
6:06 of 1st period - Stopped by Louis Domingue without a rebound.
6:07 of 1st period - Dylan Larkin wins face-off versus Casey Cizikas in ST. LOUIS Blues zone.
6:12 of 1st period - Shot by Nikolaj Ehlers.
6:12 of 1st period - Shot Misses the Net.
6:43 of 1st period - Nikolaj Ehlers is hit by Brayden McNabb and loses puck.
7:09 of 1st period - Shot by Clayton Keller.
7:09 of 1st period - Deflect By Nico Hischier.
7:09 of 1st period - Shot Misses the Net.
7:21 of 1st period - Shot by Nico Hischier.
7:21 of 1st period - Stopped by Louis Domingue without a rebound.
7:22 of 1st period - Yegor Sharangovich wins face-off versus Craig Smith in ST. LOUIS Blues zone.
7:25 of 1st period - Shot by Arthur Kaliyev.
7:25 of 1st period - Stopped by Louis Domingue with a rebound.
7:31 of 1st period - Shot by Jaden Schwartz.
7:31 of 1st period - Shot Blocked by Rasmus Sandin.
7:33 of 1st period - Shot by James Neal.
7:33 of 1st period - Stopped by Juuse Saros without a rebound.
7:34 of 1st period - Dominic Kubalik wins face-off versus Ryan O'Reilly in EDMONTON Oilers zone.
7:34 of 1st period - Dominic Kubalik is hit by Alexander Romanov.
7:35 of 1st period - Minor Penalty to Rasmus Sandin for Elbowing.
7:36 of 1st period - Phillip Danault wins face-off versus Nico Hischier in EDMONTON Oilers zone.
7:38 of 1st period - Jaden Schwartz is hit by Roman Josi and loses puck.
7:59 of 1st period - Shot by Justin Schultz.
7:59 of 1st period - Stopped by Juuse Saros without a rebound.
8:00 of 1st period - Nico Hischier wins face-off versus Phillip Danault in EDMONTON Oilers zone.
8:00 of 1st period - Nico Hischier is hit by Phillip Danault.
8:16 of 1st period - Shot by Jonas Brodin.
8:16 of 1st period - Stopped by Juuse Saros with a rebound.
8:56 of 1st period - Shot by Olli Juolevi.
8:56 of 1st period - Stopped by Juuse Saros without a rebound.
8:57 of 1st period - Nico Hischier wins face-off versus Dylan Larkin in EDMONTON Oilers zone.
9:38 of 1st period - Icing by Marcus Foligno.
9:39 of 1st period - Jake Leschyshyn wins face-off versus Ryan O'Reilly in ST. LOUIS Blues zone.
9:58 of 1st period - Shot by Ryan O'Reilly.
9:58 of 1st period - Shot Misses the Net.
10:18 of 1st period - Shot by Matthew Highmore.
10:18 of 1st period - Deflect By Marcus Foligno.
10:18 of 1st period - Stopped by Juuse Saros with a rebound.
11:20 of 1st period - Shot by Nico Hischier.
11:20 of 1st period - Shot Misses the Net.
11:29 of 1st period - Icing by Roman Josi .
11:30 of 1st period - Jesper Bratt wins face-off versus Nico Hischier in EDMONTON Oilers zone.
12:03 of 1st period - Shot by Arthur Kaliyev.
12:03 of 1st period - Stopped by Louis Domingue without a rebound.
12:04 of 1st period - Craig Smith wins face-off versus Ryan O'Reilly in ST. LOUIS Blues zone.
12:41 of 1st period - Minor Penalty to Luke Schenn for Hooking.
12:42 of 1st period - Nico Hischier wins face-off versus Marcus Foligno in ST. LOUIS Blues zone.
12:53 of 1st period - Shot by Nico Hischier.
12:53 of 1st period - Shot Blocked by Justin Schultz.
12:55 of 1st period - Shot by Roman Josi .
12:55 of 1st period - Stopped by Louis Domingue without a rebound.
12:56 of 1st period - Craig Smith wins face-off versus Nico Hischier in ST. LOUIS Blues zone.
13:10 of 1st period - Icing by Clayton Keller.
13:11 of 1st period - Nico Hischier wins face-off versus Phillip Danault in EDMONTON Oilers zone.
13:15 of 1st period - Icing by Tony DeAngelo.
13:16 of 1st period - Craig Smith wins face-off versus Nico Hischier in EDMONTON Oilers zone.
13:41 of 1st period - Shot by Clayton Keller.
13:41 of 1st period - Shot Misses the Net.
13:43 of 1st period - Shot by Tony DeAngelo.
13:43 of 1st period - Stopped by Louis Domingue without a rebound.
13:44 of 1st period - Ryan O'Reilly wins face-off versus Phillip Danault in ST. LOUIS Blues zone.
15:07 of 1st period - Off-side.
15:08 of 1st period - Casey Cizikas wins face-off versus Jake Leschyshyn in neutral zone.
15:08 of 1st period - Casey Cizikas is hit by Marcus Foligno.
15:13 of 1st period - Nikolaj Ehlers is hit by Brayden McNabb and loses puck.
15:40 of 1st period - Nikolaj Ehlers is hit by Brayden McNabb and loses puck.
17:06 of 1st period - Shot by Clayton Keller.
17:06 of 1st period - Shot Blocked by Olli Juolevi.
17:09 of 1st period - Clayton Keller is hit by Olli Juolevi and loses puck.
17:19 of 1st period - Nico Hischier is hit by Justin Schultz and loses puck.
18:00 of 1st period - Shot by James Neal.
18:00 of 1st period - Stopped by Juuse Saros without a rebound.
18:01 of 1st period - Ryan O'Reilly wins face-off versus Jake Leschyshyn in EDMONTON Oilers zone.
18:05 of 1st period - Dylan Strome is hit by Marcus Foligno and loses puck.
18:31 of 1st period - Dylan Strome is hit by Marcus Foligno and loses puck.
19:30 of 1st period - Shot by James Neal.
19:30 of 1st period - Stopped by Juuse Saros with a rebound.
19:35 of 1st period - Off-side.
19:36 of 1st period - Dylan Larkin wins face-off versus Casey Cizikas in neutral zone.
19:41 of 1st period - Shot by Jesper Bratt.
19:41 of 1st period - Goal by Jesper Bratt - ST. LOUIS Blues : 2 - EDMONTON Oilers : 0.
19:42 of 1st period - Ryan O'Reilly wins face-off versus Dylan Larkin in neutral zone.
19:57 of 1st period - Shot by Ryan O'Reilly.
19:57 of 1st period - Shot Misses the Net.
Goals for this period are 2 for ST. LOUIS Blues vs 0 for EDMONTON Oilers .
Shots for this period are 12 for ST. LOUIS Blues vs 7 for EDMONTON Oilers .

2nd period


0:01 of 2nd period - Ryan O'Reilly wins face-off versus Dylan Larkin in neutral zone.
0:01 of 2nd period - Ryan O'Reilly is hit by Dylan Larkin.
0:40 of 2nd period - Shot by Jesper Bratt.
0:40 of 2nd period - Shot Blocked by Roman Josi .
1:08 of 2nd period - Shot by Phillip Danault.
1:08 of 2nd period - Stopped by Juuse Saros without a rebound.
1:09 of 2nd period - Craig Smith wins face-off versus Dylan Strome in EDMONTON Oilers zone.
1:10 of 2nd period - Shot by Jaden Schwartz.
1:10 of 2nd period - Stopped by Juuse Saros without a rebound.
1:11 of 2nd period - Dylan Strome wins face-off versus Craig Smith in EDMONTON Oilers zone.
1:11 of 2nd period - Dylan Strome is hit by Jaden Schwartz.
1:35 of 2nd period - Brayden McNabb is hit by Arthur Kaliyev and loses puck.
1:39 of 2nd period - Icing by Brayden McNabb.
1:40 of 2nd period - Nico Hischier wins face-off versus Craig Smith in ST. LOUIS Blues zone.
1:49 of 2nd period - Shot by Nico Hischier.
1:49 of 2nd period - Shot Blocked by Jonas Brodin.
1:54 of 2nd period - Icing by Jaden Schwartz.
1:55 of 2nd period - Dylan Strome wins face-off versus Craig Smith in ST. LOUIS Blues zone.
2:04 of 2nd period - Shot by Arthur Kaliyev.
2:04 of 2nd period - Stopped by Louis Domingue with a rebound.
2:06 of 2nd period - Shot by Colton Parayko.
2:06 of 2nd period - Stopped by Louis Domingue without a rebound.
2:07 of 2nd period - Ryan O'Reilly wins face-off versus Dylan Larkin in ST. LOUIS Blues zone.
2:34 of 2nd period - Shot by Ryan O'Reilly.
2:34 of 2nd period - Shot Misses the Net.
2:36 of 2nd period - Shot by Tony DeAngelo.
2:36 of 2nd period - Stopped by Louis Domingue without a rebound.
2:37 of 2nd period - Nico Hischier wins face-off versus Phillip Danault in ST. LOUIS Blues zone.
2:50 of 2nd period - Shot by Dominic Kubalik.
2:50 of 2nd period - Shot Misses the Net.
3:00 of 2nd period - Shot by David Perron.
3:00 of 2nd period - Shot Misses the Net.
3:07 of 2nd period - Phillip Danault is hit by Oliver Ekman-Larsson and loses puck.
3:18 of 2nd period - Shot by Phillip Danault.
3:18 of 2nd period - Stopped by Juuse Saros without a rebound.
3:19 of 2nd period - Ryan O'Reilly wins face-off versus Dylan Larkin in EDMONTON Oilers zone.
3:47 of 2nd period - Ryan O'Reilly is hit by Olli Juolevi and loses puck.
3:58 of 2nd period - Shot by Brendan Gallagher.
3:58 of 2nd period - Stopped by Juuse Saros with a rebound.
4:00 of 2nd period - Shot by Brendan Gallagher.
4:00 of 2nd period - Shot Blocked by Tony DeAngelo.
4:02 of 2nd period - Shot by Jesper Bratt.
4:02 of 2nd period - Shot Misses the Net.
4:12 of 2nd period - Craig Smith is hit by Nikolaj Ehlers.
4:20 of 2nd period - Roman Josi is hit by James Neal and loses puck.
5:24 of 2nd period - Icing by Brayden McNabb.
5:25 of 2nd period - Craig Smith wins face-off versus Nico Hischier in ST. LOUIS Blues zone.
6:06 of 2nd period - Shot by Nico Hischier.
6:06 of 2nd period - Shot Misses the Net.
6:58 of 2nd period - Shot by Phillip Danault.
6:58 of 2nd period - Stopped by Juuse Saros without a rebound.
6:59 of 2nd period - Dylan Larkin wins face-off versus Dylan Strome in EDMONTON Oilers zone.
7:57 of 2nd period - Shot by Clayton Keller.
7:57 of 2nd period - Shot Misses the Net.
8:19 of 2nd period - Shot by Nico Hischier.
8:19 of 2nd period - Deflect By Clayton Keller.
8:19 of 2nd period - Goal by Clayton Keller - ST. LOUIS Blues : 2 - EDMONTON Oilers : 1.
8:20 of 2nd period - Jake Leschyshyn wins face-off versus Ryan O'Reilly in neutral zone.
8:53 of 2nd period - Tony DeAngelo is hit by Marcus Foligno and loses puck.
9:04 of 2nd period - Shot by Nikolaj Ehlers.
9:04 of 2nd period - Shot Misses the Net.
9:35 of 2nd period - Shot by David Perron.
9:35 of 2nd period - Shot Misses the Net.
10:02 of 2nd period - Clayton Keller is hit by Brayden McNabb and loses puck.
10:35 of 2nd period - Shot by Jesper Bratt.
10:35 of 2nd period - Shot Blocked by Rasmus Sandin.
10:39 of 2nd period - Shot by Jesper Bratt.
10:39 of 2nd period - Stopped by Juuse Saros without a rebound.
10:40 of 2nd period - Jaden Schwartz wins face-off versus Casey Cizikas in EDMONTON Oilers zone.
10:45 of 2nd period - Shot by Craig Smith.
10:45 of 2nd period - Stopped by Juuse Saros with a rebound.
10:53 of 2nd period - Icing by Luke Schenn.
10:54 of 2nd period - Ryan O'Reilly wins face-off versus Craig Smith in ST. LOUIS Blues zone.
10:54 of 2nd period - Nikolaj Ehlers is hit by Jeremy Lauzon and loses puck.
11:07 of 2nd period - Shot by Ryan O'Reilly.
11:07 of 2nd period - Stopped by Louis Domingue with a rebound.
11:09 of 2nd period - Shot by Nikolaj Ehlers.
11:09 of 2nd period - The goal is going for a video replay.
11:09 of 2nd period - The goal is refused.
11:10 of 2nd period - Nico Hischier wins face-off versus Dylan Larkin in ST. LOUIS Blues zone.
11:13 of 2nd period - Shot by Mitch Marner.
11:13 of 2nd period - Deflect By Nico Hischier.
11:13 of 2nd period - Stopped by Louis Domingue without a rebound.
11:14 of 2nd period - Nico Hischier wins face-off versus Dylan Larkin in ST. LOUIS Blues zone.
11:15 of 2nd period - Shot by Roman Josi .
11:15 of 2nd period - Stopped by Louis Domingue without a rebound.
11:16 of 2nd period - Dylan Larkin wins face-off versus Jack Quinn in ST. LOUIS Blues zone.
11:16 of 2nd period - Jesper Bratt is hit by Jack Quinn.
11:26 of 2nd period - Shot by Dylan Larkin.
11:26 of 2nd period - Deflect By Brendan Gallagher.
11:26 of 2nd period - Stopped by Juuse Saros without a rebound.
11:27 of 2nd period - Nico Hischier wins face-off versus Phillip Danault in EDMONTON Oilers zone.
11:42 of 2nd period - Shot by Mitch Marner.
11:42 of 2nd period - Shot Misses the Net.
11:54 of 2nd period - Shot by Clayton Keller.
11:54 of 2nd period - Stopped by Louis Domingue without a rebound.
11:55 of 2nd period - Ryan O'Reilly wins face-off versus Dylan Larkin in ST. LOUIS Blues zone.
12:17 of 2nd period - Icing by Nikolaj Ehlers.
12:18 of 2nd period - Ryan O'Reilly wins face-off versus Dominic Kubalik in EDMONTON Oilers zone.
12:35 of 2nd period - Shot by Dominic Kubalik.
12:35 of 2nd period - Stopped by Juuse Saros without a rebound.
12:36 of 2nd period - Clayton Keller wins face-off versus Dylan Larkin in EDMONTON Oilers zone.
12:43 of 2nd period - Icing by Nico Hischier.
12:44 of 2nd period - Dylan Larkin wins face-off versus Mitch Marner in EDMONTON Oilers zone.
12:59 of 2nd period - Shot by Nico Hischier.
12:59 of 2nd period - Stopped by Louis Domingue with a rebound.
13:40 of 2nd period - Icing by Clayton Keller.
13:41 of 2nd period - Nico Hischier wins face-off versus Phillip Danault in EDMONTON Oilers zone.
13:50 of 2nd period - Icing by Luke Schenn.
13:51 of 2nd period - Ryan O'Reilly wins face-off versus Phillip Danault in ST. LOUIS Blues zone.
13:58 of 2nd period - Roman Josi is hit by David Perron and loses puck.
14:33 of 2nd period - Tony DeAngelo is hit by Phillip Danault and loses puck.
14:41 of 2nd period - Icing by Roman Josi .
14:42 of 2nd period - Ryan O'Reilly wins face-off versus Dylan Larkin in EDMONTON Oilers zone.
14:46 of 2nd period - Icing by Jack Quinn.
14:47 of 2nd period - Ryan O'Reilly wins face-off versus Dylan Larkin in EDMONTON Oilers zone.
15:14 of 2nd period - Shot by Jesper Bratt.
15:14 of 2nd period - Goal by Jesper Bratt - ST. LOUIS Blues : 3 - EDMONTON Oilers : 1.
15:15 of 2nd period - Craig Smith wins face-off versus Nico Hischier in neutral zone.
15:35 of 2nd period - Off-side.
15:36 of 2nd period - Phillip Danault wins face-off versus Dylan Strome in neutral zone.
15:39 of 2nd period - Dylan Strome is hit by Dominic Kubalik and loses puck.
16:11 of 2nd period - Shot by Dylan Strome.
16:11 of 2nd period - Stopped by Louis Domingue without a rebound.
16:12 of 2nd period - Ryan O'Reilly wins face-off versus Dylan Larkin in ST. LOUIS Blues zone.
16:26 of 2nd period - Shot by Brendan Gallagher.
16:26 of 2nd period - Shot Blocked by Roman Josi .
16:28 of 2nd period - Shot by Jonas Brodin.
16:28 of 2nd period - Stopped by Juuse Saros without a rebound.
16:29 of 2nd period - Nico Hischier wins face-off versus Jaden Schwartz in EDMONTON Oilers zone.
16:53 of 2nd period - Icing by Rasmus Sandin.
16:54 of 2nd period - Jesper Bratt wins face-off versus Nico Hischier in EDMONTON Oilers zone.
18:42 of 2nd period - Minor Penalty to James Neal for Tripping.
18:43 of 2nd period - Craig Smith wins face-off versus Ryan O'Reilly in ST. LOUIS Blues zone.
19:03 of 2nd period - Shot by Nikolaj Ehlers.
19:03 of 2nd period - Shot Misses the Net.
19:09 of 2nd period - Shot by Tony DeAngelo.
19:09 of 2nd period - Stopped by Louis Domingue without a rebound.
19:10 of 2nd period - Phillip Danault wins face-off versus Nikolaj Ehlers in ST. LOUIS Blues zone.
19:10 of 2nd period - Phillip Danault is hit by Oliver Ekman-Larsson.
Goals for this period are 1 for ST. LOUIS Blues vs 1 for EDMONTON Oilers .
Shots for this period are 11 for ST. LOUIS Blues vs 12 for EDMONTON Oilers .

3rd period


0:01 of 3rd period - Nico Hischier wins face-off versus Phillip Danault in neutral zone.
0:23 of 3rd period - Shot by Nico Hischier.
0:23 of 3rd period - Shot Misses the Net.
0:25 of 3rd period - Shot by Tony DeAngelo.
0:25 of 3rd period - Shot Blocked by Jonas Brodin.
0:27 of 3rd period - Shot by Tony DeAngelo.
0:27 of 3rd period - Shot Hit the Post.
0:29 of 3rd period - Shot by Mitch Marner.
0:29 of 3rd period - Stopped by Louis Domingue without a rebound.
0:30 of 3rd period - Ryan O'Reilly wins face-off versus Craig Smith in ST. LOUIS Blues zone.
0:55 of 3rd period - Shot by Arthur Kaliyev.
0:55 of 3rd period - Stopped by Louis Domingue without a rebound.
0:56 of 3rd period - Ryan O'Reilly wins face-off versus Phillip Danault in ST. LOUIS Blues zone.
1:18 of 3rd period - Dominic Kubalik is hit by Tony DeAngelo and loses puck.
1:19 of 3rd period - Minor Penalty to Tony DeAngelo for Roughing.
1:20 of 3rd period - Dylan Larkin wins face-off versus Nico Hischier in EDMONTON Oilers zone.
1:21 of 3rd period - Shot by Jonas Brodin.
1:21 of 3rd period - Goal by Jonas Brodin - ST. LOUIS Blues : 4 - EDMONTON Oilers : 1.
1:22 of 3rd period - Dylan Larkin wins face-off versus Dylan Strome in neutral zone.
1:22 of 3rd period - Jesper Bratt is hit by Arthur Kaliyev and loses puck.
1:26 of 3rd period - Jonas Brodin is hit by Oliver Ekman-Larsson and loses puck.
1:33 of 3rd period - Shot by Jesper Bratt.
1:33 of 3rd period - Deflect By Dylan Larkin.
1:33 of 3rd period - Stopped by Juuse Saros with a rebound.
1:35 of 3rd period - Shot by Jesper Bratt.
1:35 of 3rd period - Stopped by Juuse Saros without a rebound.
1:36 of 3rd period - Craig Smith wins face-off versus Ryan O'Reilly in EDMONTON Oilers zone.
1:54 of 3rd period - Icing by Olli Juolevi.
1:55 of 3rd period - Dylan Strome wins face-off versus Craig Smith in ST. LOUIS Blues zone.
1:56 of 3rd period - Shot by Oliver Ekman-Larsson.
1:56 of 3rd period - Shot Blocked by Justin Schultz.
2:20 of 3rd period - Shot by Dylan Strome.
2:20 of 3rd period - Shot Misses the Net.
2:58 of 3rd period - Shot by Jack Quinn.
2:58 of 3rd period - Goal by Jack Quinn - ST. LOUIS Blues : 4 - EDMONTON Oilers : 2.
2:59 of 3rd period - Nico Hischier wins face-off versus Phillip Danault in neutral zone.
3:08 of 3rd period - Icing by Phillip Danault.
3:09 of 3rd period - Phillip Danault wins face-off versus Ryan O'Reilly in ST. LOUIS Blues zone.
3:11 of 3rd period - Dominic Kubalik is hit by Ryan O'Reilly and loses puck.
3:39 of 3rd period - Minor Penalty to Nikolaj Ehlers for Interference.
3:40 of 3rd period - Nico Hischier wins face-off versus Dylan Larkin in EDMONTON Oilers zone.
4:43 of 3rd period - Shot by Jonas Brodin.
4:43 of 3rd period - Shot Blocked by Tony DeAngelo.
5:05 of 3rd period - Shot by Phillip Danault.
5:05 of 3rd period - Shot Misses the Net.
5:27 of 3rd period - Shot by Jesper Bratt.
5:27 of 3rd period - Stopped by Juuse Saros without a rebound.
5:28 of 3rd period - Ryan O'Reilly wins face-off versus Brendan Gallagher in EDMONTON Oilers zone.
6:11 of 3rd period - Shot by Matthew Highmore.
6:11 of 3rd period - Shot Misses the Net.
6:13 of 3rd period - Shot by Jake Leschyshyn.
6:13 of 3rd period - Shot Misses the Net.
6:18 of 3rd period - Icing by Mackenzie Entwistle.
6:19 of 3rd period - Casey Cizikas wins face-off versus Craig Smith in EDMONTON Oilers zone.
6:31 of 3rd period - Icing by Mackenzie Entwistle.
6:32 of 3rd period - Casey Cizikas wins face-off versus Dylan Larkin in EDMONTON Oilers zone.
8:01 of 3rd period - Shot by Phillip Danault.
8:01 of 3rd period - Shot Misses the Net.
8:03 of 3rd period - Shot by David Perron.
8:03 of 3rd period - Stopped by Juuse Saros without a rebound.
8:04 of 3rd period - Craig Smith wins face-off versus Jack Quinn in EDMONTON Oilers zone.
8:05 of 3rd period - Shot by Jaden Schwartz.
8:05 of 3rd period - Stopped by Juuse Saros without a rebound.
8:06 of 3rd period - Craig Smith wins face-off versus Ryan O'Reilly in EDMONTON Oilers zone.
8:11 of 3rd period - Shot by James Neal.
8:11 of 3rd period - Shot Blocked by Ryan O'Reilly.
8:26 of 3rd period - Nikolaj Ehlers is hit by Jeremy Lauzon and loses puck.
8:39 of 3rd period - Shot by Nikolaj Ehlers.
8:39 of 3rd period - Deflect By Ryan O'Reilly.
8:39 of 3rd period - Shot Blocked by Luke Schenn.
9:02 of 3rd period - Minor Penalty to Phillip Danault for Interference.
9:03 of 3rd period - Matthew Highmore wins face-off versus Nico Hischier in ST. LOUIS Blues zone.
9:47 of 3rd period - Shot by Clayton Keller.
9:47 of 3rd period - Stopped by Louis Domingue without a rebound.
9:48 of 3rd period - Ryan O'Reilly wins face-off versus Craig Smith in ST. LOUIS Blues zone.
9:49 of 3rd period - Shot by Nikolaj Ehlers.
9:49 of 3rd period - Shot Misses the Net.
9:57 of 3rd period - Shot by Arthur Kaliyev.
9:57 of 3rd period - Stopped by Louis Domingue with a rebound.
9:59 of 3rd period - Shot by Roman Josi .
9:59 of 3rd period - Stopped by Louis Domingue without a rebound.
10:00 of 3rd period - Ryan O'Reilly wins face-off versus Matthew Highmore in ST. LOUIS Blues zone.
11:02 of 3rd period - Off-side.
11:03 of 3rd period - Nico Hischier wins face-off versus Phillip Danault in neutral zone.
11:30 of 3rd period - Icing by Alexander Romanov.
11:31 of 3rd period - Dylan Larkin wins face-off versus Mitch Marner in EDMONTON Oilers zone.
11:32 of 3rd period - Shot by Jesper Bratt.
11:32 of 3rd period - Stopped by Juuse Saros without a rebound.
11:33 of 3rd period - Dylan Larkin wins face-off versus Dylan Strome in EDMONTON Oilers zone.
11:52 of 3rd period - Shot by Arthur Kaliyev.
11:52 of 3rd period - Stopped by Louis Domingue without a rebound.
11:53 of 3rd period - Ryan O'Reilly wins face-off versus Phillip Danault in ST. LOUIS Blues zone.
12:14 of 3rd period - Shot by Luke Schenn.
12:14 of 3rd period - Shot Misses the Net.
13:49 of 3rd period - Craig Smith is hit by Oliver Ekman-Larsson and loses puck.
14:10 of 3rd period - Shot by Jaden Schwartz.
14:10 of 3rd period - Shot Misses the Net.
14:32 of 3rd period - Shot by Luke Schenn.
14:32 of 3rd period - Stopped by Juuse Saros with a rebound.
14:42 of 3rd period - Shot by Marcus Foligno.
14:42 of 3rd period - Shot Blocked by Colton Parayko.
15:20 of 3rd period - Shot by Phillip Danault.
15:20 of 3rd period - Shot Misses the Net.
15:34 of 3rd period - Shot by Phillip Danault.
15:34 of 3rd period - Stopped by Juuse Saros with a rebound.
15:43 of 3rd period - Icing by Oliver Ekman-Larsson.
15:44 of 3rd period - Jesper Bratt wins face-off versus Nico Hischier in EDMONTON Oilers zone.
15:45 of 3rd period - Shot by Brendan Gallagher.
15:45 of 3rd period - Stopped by Juuse Saros without a rebound.
15:46 of 3rd period - Ryan O'Reilly wins face-off versus Dylan Larkin in EDMONTON Oilers zone.
15:46 of 3rd period - Ryan O'Reilly is hit by Brendan Gallagher.
16:24 of 3rd period - Brendan Gallagher is hit by Ryan O'Reilly and loses puck.
17:54 of 3rd period - Jaden Schwartz is hit by Roman Josi .
18:41 of 3rd period - Off-side.
18:42 of 3rd period - Ryan O'Reilly wins face-off versus Dylan Larkin in neutral zone.
18:45 of 3rd period - Shot by Jack Quinn.
18:45 of 3rd period - Deflect By Ryan O'Reilly.
18:45 of 3rd period - Shot Misses the Net.
18:49 of 3rd period - Shot by Ryan O'Reilly.
18:49 of 3rd period - Shot Blocked by Dylan Larkin.
19:03 of 3rd period - Jesper Bratt is hit by Ryan O'Reilly and loses puck.
19:10 of 3rd period - Shot by Ryan O'Reilly.
19:10 of 3rd period - Shot Misses the Net.
19:27 of 3rd period - Icing by Oliver Ekman-Larsson.
19:28 of 3rd period - Ryan O'Reilly wins face-off versus Phillip Danault in EDMONTON Oilers zone.
19:37 of 3rd period - Ryan O'Reilly is hit by Brayden McNabb and loses puck.
19:57 of 3rd period - Icing by Mitch Marner.
19:58 of 3rd period - Jaden Schwartz wins face-off versus Mitch Marner in EDMONTON Oilers zone.
Goals for this period are 1 for ST. LOUIS Blues vs 1 for EDMONTON Oilers .
Shots for this period are 10 for ST. LOUIS Blues vs 7 for EDMONTON Oilers .